 Dungeon Crawl Stone Soup version 0.19.1 (webtiles) character file.

3021 RaHiT the Magician (level 9, 0/63 HPs)
             Began as a Mummy Conjurer on Nov 27, 2016.
             Was a Follower of Yredelemnul.
             Slain by a hornet zombie (10 damage)
             ... on level 7 of the Dungeon.
             The game lasted 00:58:37 (7791 turns).

RaHiT the Magician (Mummy Conjurer)                 Turns: 7791, Time: 00:58:37

Health: 0/63       AC:  6    Str: 11    XL:     9   Next: 55%
Magic:  4/19       EV: 12    Int: 17    God:    Yredelemnul [*.....]
Gold:   383        SH:  0    Dex: 13    Spells: 7 memorised, 1 level left

rFire  x . .     SeeInvis +     h - +2 dagger (drain)
rCold  + . .     Gourm    .     a - +0 robe
rNeg   + + +     Faith    .     (no shield)
rPois  ∞         Spirit   .     o - +0 helmet
rElec  .         Reflect  .     w - +0 cloak
rCorr  .         Harm     .     d - +0 pair of gloves
MR     +....                    s - +0 pair of boots
Stlth  ++........               (no amulet)
                                q - ring of wizardry
                                p - ring of see invisible

@: no status effects
A: no food or potions, fire vulnerability, cold resistance 1, negative energy
resistance 3, torment resistance, unbreathing
a: Animate Remains, Renounce Religion


You were on level 7 of the Dungeon.
You worshipped Yredelemnul.
Yredelemnul was aware of your devotion.
You were not hungry.

You visited 2 branches of the dungeon, and saw 8 of its levels.

You collected 383 gold pieces.

Inventory:

Hand Weapons
 e - a +0 mace
 h - a +2 dagger of draining (weapon)
 n - a +1 long sword of draining
 y - a +1 falchion
 z - a cursed +2 spear
 A - a +1 mace
 B - a +3 mace of freezing
Missiles
 i - 82 poisoned needles
 j - 73 sling bullets
 r - 4 curare-tipped needles
 u - 2 tomahawks (quivered)
Armour
 a - a +0 robe (worn)
 d - a +0 pair of gloves (worn)
 o - a +0 helmet (worn)
 s - a +0 pair of boots (worn)
 w - a +0 cloak (worn)
Jewellery
 p - a ring of see invisible (left hand)
 q - a ring of wizardry (right hand)
Wands
 t - a wand of iceblast (8/15)
Scrolls
 c - 4 scrolls of remove curse
 g - 3 scrolls of enchant armour {unknown}
 k - 2 scrolls of magic mapping
 l - 3 scrolls of teleportation
 m - 2 scrolls of fog
 v - a scroll of noise
 x - 2 scrolls of immolation
 C - a scroll of enchant weapon {unknown}
Books
 b - a book of Conjurations

   Spells                             Type                      Level
   a - Magic Dart                     Conjuration                  1
   b - Searing Ray                    Conjuration                  2
   c - Dazzling Spray                 Conjuration/Hexes            3
   d - Fulminant Prism                Conjuration/Hexes            4
   e - Iskenderun's Mystic Blast      Conjuration                  4
   f - Iskenderun's Battlesphere      Conjuration/Charms           5
 f - a book of Frost

   Spells                             Type                      Level
   a - Freeze                         Ice                          1
   b - Throw Frost                    Conjuration/Ice              2
   c - Ozocubu's Armour               Charms/Ice                   3
   d - Throw Icicle                   Conjuration/Ice              4
   e - Summon Ice Beast               Ice/Summoning                4


   Skills:
 - Level 3.0 Fighting
 - Level 2.0 Armour
 - Level 2.3 Dodging
 - Level 1.5 Stealth
 - Level 7.1 Spellcasting
 - Level 5.3 Conjurations
 - Level 3.0 Hexes
 - Level 5.3 Invocations
 * Level 4.0 Evocations


You had one spell level left.
You knew the following spells:

 Your Spells              Type           Power        Failure   Level  Hunger
a - Magic Dart            Conj           ###.         1%          1    N/A
b - Searing Ray           Conj           ###...       1%          2    N/A
c - Dazzling Spray        Conj/Hex       ###...       4%          3    N/A
d - Iskenderun's Mystic   Conj           ###.....     6%          4    N/A
e - Fulminant Prism       Conj/Hex       ###.......   10%         4    N/A
f - Ozocubu's Armour      Chrm/Ice       #.......     16%         3    N/A
g - Throw Icicle          Conj/Ice       ###.....     21%         4    N/A

Dungeon Overview and Level Annotations

Branches:
Dungeon (7/15)             Temple (1/1) D:5

Altars:
Ashenzari
Dithmenos
Elyvilon
Fedhas
Gozag
Hepliaklqana
Kikubaaqudgha
Makhleb
Nemelex Xobeh
Okawaru
Qazlal
Sif Muna
Trog
Uskayaw
Vehumet
Xom
Yredelemnul
Zin

Shops:
D:5 *   D:7 :


Innate Abilities, Weirdness & Mutations

You do not eat or drink.
Your flesh is vulnerable to fire.
You are immune to poison.
Your flesh is cold resistant. (rC+)
You are immune to negative energy. (rN+++)
You are immune to unholy pain and torment.
You can survive without breathing.


Message History

The hornet zombie hits you!
The searing ray misses the hornet zombie.
The hornet zombie closely misses you.
The searing ray hits the hornet zombie.
The hornet zombie is severely damaged.
The hornet zombie barely misses you. The hornet zombie hits you!
* * * LOW HITPOINT WARNING * * *
The searing ray hits the hornet zombie.
The hornet zombie is severely damaged.
You finish channeling your searing ray.
The hornet zombie misses you.
Casting: Searing Ray
Confirm with . or Enter, or press ? or * to list all spells.
Aiming: Searing Ray
Press: ? - help, Shift-Dir - straight line, f/p - hornet zombie
Aim: a hornet zombie (severely damaged)
The searing ray hits the hornet zombie.
The hornet zombie is severely damaged.
The hornet zombie hits you!
You die...
Yredelemnul claims you as an undead slave.

........# #.#
#####.########
#......<[[...#
#.###.######.#
..#####.# #.# #[#
........###.# #.#
#.>$....### #.#
#...Z@....# #.#
##.######.# #.# #.
#.####.### #o
#.##.....#### #.
#####.##.....##.##
#.
#..........<....[#
#.
#.###.##.....##.##
#..........##.#
#.###.##.####.#


You could see a hornet zombie.

Vanquished Creatures
  Grinder (D:5)
  Prince Ribbit (D:5)
  Sigmund (D:3)
  The ghost of NoWolfie the Skirmisher, an amateur HuWn (D:3)
  Menkaure (D:6)
  Duvessa (D:5)
  An ice beast (D:6)
  An orc warrior (D:7)
  A sky beast (D:5)
  2 phantoms
  An ogre (D:5)
  3 centaurs
  A bullfrog (D:6)
  2 water moccasin zombies
  Dowan (D:5)
  A scorpion (D:5)
  5 wights (D:7)
  4 crimson imps (D:5)
  4 hounds
  An orc priest (D:4)
  A jelly (D:3)
  4 orc wizards
  A bullfrog skeleton (D:4)
  A centaur skeleton (D:4)
  Terence (D:3)
  An iguana (D:6)
  4 worker ants
  Robin (D:3)
  9 adders
  2 oozes
  2 adder skeletons
  3 worms
  A dart slug (D:1)
  5 leopard geckos
  15 orcs
  3 ball pythons
  6 giant cockroaches
  16 goblins
  15 hobgoblins
  2 jackals (D:4)
  6 kobolds
  3 quokkas
  5 bats
  8 frilled lizards
  A leopard gecko skeleton (D:5)
  4 rats
154 creatures vanquished.

Vanquished Creatures (others)
  A quokka (D:4)
  A fulminant prism (D:6)
2 creatures vanquished.

Grand Total: 156 creatures vanquished

Notes
Turn   | Place    | Note
-------+----------+-------------------------------------------
     0 | D:1      | RaHiT the Mummy Conjurer began the quest for the Orb.
     0 | D:1      | Reached XP level 1. HP: 13/13 MP: 3/3
   698 | D:1      | Reached XP level 2. HP: 19/19 MP: 3/5
   702 | D:1      | Learned a level 2 spell: Searing Ray
  1086 | D:1      | Reached skill level 3 in Spellcasting
  1300 | D:2      | Reached XP level 3. HP: 24/24 MP: 5/7
  1524 | D:2      | Found a burning altar of Makhleb.
  1526 | D:2      | Noticed a cacodemon
  1804 | D:3      | Noticed Terence
  1884 | D:3      | Reached skill level 4 in Spellcasting
  1965 | D:3      | Reached XP level 4. HP: 30/30 MP: 8/10
  2409 | D:3      | Killed Terence
  2488 | D:3      | Noticed NoWolfie's ghost (amateur HuWn)
  2508 | D:3      | Killed NoWolfie's ghost
  2508 | D:3      | Reached skill level 5 in Spellcasting
  2508 | D:3      | Reached XP level 5. HP: 26/35 MP: 2/12
  2526 | D:3      | Noticed Robin
  2530 | D:3      | Reached XP level 6. HP: 28/41 MP: 4/13
  2543 | D:3      | Killed Robin
  2570 | D:3      | Noticed Sigmund
  2650 | D:3      | Killed Sigmund
  2944 | D:4      | Found a blossoming altar of Fedhas.
  2951 | D:3      | Learned a level 3 spell: Dazzling Spray
  2956 | D:3      | Learned a level 4 spell: Iskenderun's Mystic Blast
  2998 | D:4      | Reached skill level 1 in Armour
  2998 | D:4      | Reached XP level 7. HP: 44/52 MP: 14/14
  3386 | D:4      | Reached skill level 1 in Hexes
  3864 | D:4      | Found a white marble altar of Elyvilon.
  4311 | D:5      | Entered Level 5 of the Dungeon
  4319 | D:5      | Reached skill level 5 in Conjurations
  4325 | D:5      | Reached XP level 8. HP: 29/58 MP: 7/15
  4495 | D:5      | Found a staircase to the Ecumenical Temple.
  4504 | Temple   | Entered the Ecumenical Temple
  4625 | Temple   | Became a worshipper of Yredelemnul the Dark
  4649 | D:5      | Found Zin's Purification Station.
  4652 | D:5      | Found a glowing silver altar of Zin.
  4695 | D:5      | Noticed Duvessa
  4850 | D:5      | Noticed Dowan
  4909 | D:5      | Reached skill level 1 in Invocations
  5026 | D:5      | Killed Duvessa
  5098 | D:5      | Killed Dowan
  5131 | D:5      | Noticed Grinder
  5434 | D:5      | Killed Grinder
  5434 | D:5      | Reached skill level 5 in Invocations
  5663 | D:5      | Noticed Prince Ribbit
  5935 | D:5      | Killed Prince Ribbit
  5935 | D:5      | Reached skill level 6 in Spellcasting
  5935 | D:5      | Reached XP level 9. HP: 17/63 MP: 3/18
  6369 | D:6      | Learned a level 4 spell: Fulminant Prism
  6507 | D:6      | Noticed Menkaure
  6522 | D:6      | Killed Menkaure
  6522 | D:6      | Reached skill level 7 in Spellcasting
  6730 | D:6      | Reached skill level 1 in Evocations
  7100 | D:6      | Reached * piety under Yredelemnul
  7238 | D:7      | Learned a level 3 spell: Ozocubu's Armour
  7244 | D:7      | Learned a level 4 spell: Throw Icicle
  7384 | D:7      | Found Eskoheme's Book Shoppe.
  7720 | D:7      | Found a radiant altar of Vehumet.
  7791 | D:7      | Slain by a hornet zombie

Skill      XL: |  1  2  3  4  5  6  7  8  9 |
---------------+----------------------------+-----
Spellcasting   | 3 4 5 6 7 |  7.1
Conjurations   | 4 5 |  5.3
Fighting       | 3 |  3.0
Dodging        | 2 |  2.3
Armour         | 1 2 |  2.0
Hexes          | 3 |  3.0
Invocations    | 5 |  5.3
Evocations     | 4 |  4.0
Stealth        | |  1.5

Action                   |  1- 3 |  4- 6 |  7- 9 || total
-------------------------+-------+-------+-------++-------
Melee: Unarmed           |    12 |       |       ||    12
       Dagger            |    38 |    54 |   169 ||   261
       Mace              |     2 |       |       ||     2
Throw: Tomahawk          |       |       |     3 ||     3
 Cast: Magic Dart        |    37 |    21 |    59 ||   117
       Searing Ray       |     6 |     9 |    63 ||    78
       Iskenderun's Myst |       |       |     9 ||     9
       Dazzling Spray    |       |       |     5 ||     5
       Ozocubu's Armour  |       |       |     1 ||     1
       Fulminant Prism   |       |       |     1 ||     1
  Use: Scroll            |     2 |       |     4 ||     6
 Stab: Sleeping          |     3 |     1 |     3 ||     7
       Invisible         |       |       |     1 ||     1
Armor: Robe              |     9 |     4 |    62 ||    75
Dodge: Dodged            |    29 |    36 |   129 ||   194
